 Dungeon Crawl Stone Soup version 0.25.1-2-g60ff931df9 (webtiles) character file.

Game seed: 10515429518097753507

239 Froggeryz the Chopper (level 5, 0/41 HPs)
             Began as a Mummy Chaos Knight on Sept 7, 2020.
             Was a Plaything of Xom.
             Killed from afar by an orc wizard (8 damage)
             ... with a magic dart
             ... on level 3 of the Dungeon.
             The game lasted 00:04:20 (3222 turns).

Froggeryz the Chopper (Mummy Chaos Knight)          Turns: 3222, Time: 00:04:20

Health: 0/41       AC:  8    Str: 17    XL:     5   Next: 79%
Magic:  5/5        EV: 11    Int: 11    God:    Xom [.*....]
Gold:   1036       SH:  5    Dex: 11    Spells: 4/4 levels left

rFire    x . .     SeeInvis .   c - +1 hand axe
rCold    + . .     Gourm    .   (no shield)
rNeg     + + +     Faith    .   b - +2 leather armour
rPois    ∞         Spirit   .   (no helmet)
rElec    .         Reflect  +   m - +0 cloak
rCorr    .         Harm     .   g - +1 pair of gloves
MR       .....                  (no boots)
Stlth    +.........             k - amulet of reflection
HPRegen  0.13/turn              (no ring)
MPRegen  0.09/turn              (no ring)

@: very slightly contaminated
A: no food or potions, fire vulnerability, cold resistance 1, negative energy
resistance 3, torment resistance, unbreathing
a: Renounce Religion


You were on level 3 of the Dungeon.
You worshipped Xom.
You were a plaything of Xom.
You were not hungry.

You visited 1 branch of the dungeon, and saw 3 of its levels.

You collected 1036 gold pieces.

Inventory:

Hand Weapons
 c - a +1 hand axe (weapon)
 l - a +4 quarterstaff of chaos
Armour
 b - a +2 leather armour (worn)
 g - a +1 pair of gloves (worn)
 h - a +0 scale mail
 m - a +0 cloak (worn)
Jewellery
 k - an amulet of reflection (around neck)
Scrolls
 a - 2 scrolls of identify
 e - 2 scrolls of remove curse
 f - a scroll of enchant weapon


   Skills:
 + Level 3.0 Fighting
 * Level 4.6 Axes
 - Level 3.1 Armour
 - Level 0.7 Dodging


You had 4 spell levels left.
You didn't know any spells.
Your spell library was empty.

Dungeon Overview and Level Annotations

Branches:
Dungeon (3/15)

Altars:


Innate Abilities, Weirdness & Mutations

You do not eat or drink.
Your flesh is vulnerable to fire.
You are immune to poison.
Your flesh is cold resistant. (rC+)
You are immune to negative energy. (rN+++)
You are immune to unholy pain and torment.
You can survive without breathing.


Message History

* * * LOW HITPOINT WARNING * * *
The orc wizard mumbles some strange words.
The orc wizard flickers and vanishes!
Something hits you but does no damage.
You hear some strange, mumbled words.
A puff of frost appears from out of thin air!
The puff of frost hits you. You resist.
* * * LOW HITPOINT WARNING * * *
Blink to where?
Press: ? - help, Dir - move target cursor You are very lightly contaminated with residual magic.
As you read the scroll labeled NEFEK NI BONIFUD, it crumbles to dust.
It was a scroll of blinking.
A magic dart appears from out of thin air!
The magic dart hits you.
* * * LOW HITPOINT WARNING * * *
The orc wizard gestures at you while chanting.
The magic dart hits you!
You die...
Xom cackles wildly!

#.#.......#.#
#.
#.#####.###.#
#. #o#
#.....# #.
#.# #######
#. #.# #. #.#
#. #.#
#.#####o#
#.@.....#
#########


You could see an orc wizard.

Vanquished Creatures
  A bullfrog (D:2)
  Natasha (thrice) (D:2)
  An orc wizard (D:2)
  An ooze (D:1)
  3 worms
  6 dart slugs
  A leopard gecko (D:2)
  4 orcs (D:2)
  5 bats
  A giant cockroach (D:2)
  5 goblins
  8 hobgoblins
  2 quokkas (D:2)
  3 frilled lizards
  3 kobolds
  3 rats
50 creatures vanquished.

Vanquished Creatures (collateral kills)
  2 orcs (D:3)
2 creatures vanquished.

Grand Total: 52 creatures vanquished

Notes
Turn   | Place    | Note
-------+----------+-------------------------------------------
     0 | D:1      | Froggeryz the Mummy Chaos Knight began the quest for the
                  | Orb.
     0 | D:1      | Reached XP level 1. HP: 18/18 MP: 1/1
    41 | D:1      | Reached XP level 2. HP: 3/24 MP: 2/2
   368 | D:1      | XOM: scenery: 1 doors open
   480 | D:1      | XOM: silly message
   482 | D:1      | Reached skill level 3 in Axes
   629 | D:1      | XOM: silly message
   866 | D:2      | XOM: god gift: 950 gold pieces
   916 | D:2      | Reached XP level 3. HP: 25/29 MP: 3/3
  1029 | D:2      | XOM: cloud trail
  1466 | D:2      | XOM: god gift: robe {god gift}
  1500 | D:2      | XOM: enchant monster (good)
  1557 | D:2      | Found a runed translucent door.
  1558 | D:2      | Noticed Crazy Yiuf
  1698 | D:2      | Noticed Natasha
  1705 | D:2      | XOM: butterfly on damage
  1708 | D:2      | Killed Natasha
  1708 | D:2      | Reached XP level 4. HP: 18/35 MP: 4/4
  1912 | D:2      | Noticed Natasha
  1919 | D:2      | XOM: confuse monster(s)
  1925 | D:2      | Killed Natasha
  1925 | D:2      | Reached skill level 4 in Axes
  2127 | D:2      | Reached XP level 5. HP: 18/41 MP: 5/5
  2227 | D:2      | Noticed Natasha
  2238 | D:2      | Killed Natasha
  2498 | D:2      | XOM: butterfly on damage
  2627 | D:2      | XOM: scenery: 1 doors close
  2780 | D:2      | Noticed Crazy Yiuf
  2780 | D:2      | Crazy Yiuf changed into Crazy Yiuf the bullfrog
  2780 | D:2      | XOM: polymorph Crazy Yiuf -> Crazy Yiuf the bullfrog
  2782 | D:2      | XOM: noise
  2792 | D:2      | Killed Crazy Yiuf the bullfrog
  3141 | D:3      | XOM: confusion
  3145 | D:3      | XOM: summons friendly ufetubus
  3222 | D:3      | Killed from afar by an orc wizard

Illustrated notes

Levels and vault maps discovered:
D:1:      psy_arrival_conway, layout_basic,
          hangedman_abyss_or_decor_lesser_grid, kennysheep_pointless_box
D:2:      layout_basic, roderic_lattice_a, minmay_tromino_v4_c,
          uniq_crazy_yiuf_cottage, uniq_natasha
D:3:      layout_basic, first_ration

Skill      XL: |  1  2  3  4  5 |
---------------+----------------+-----
Axes           | 3 4 |  4.6
Armour         | 2 3 |  3.1
Fighting       | |  3.0
Dodging        | |  0.7

Action                   |  1- 3 |  4- 6 || total
-------------------------+-------+-------++-------
Melee: Hand axe          |   129 |    74 ||   203
  Use: Scroll            |       |     7 ||     7
Armor: Leather armour    |    41 |    22 ||    63
Dodge: Dodged            |    78 |    39 ||   117
Block: Other             |    11 |    16 ||    27
